Map: Eternal Empire LE

Players

JohnnyV

  • Race: Zerg Zerg
  • League: Silver
  • Spawn Location: 1:00

JeX - Winner!

  • Race: Protoss Protoss
  • League: Gold
  • Spawn Location: 7:00

VOD

Have the link to the VOD?

Description

Time

  • Played on: May 22, 2020, 10:50 a.m.
  • Length: 9:25
Show
View Real Time Build Order
Export as new Build Order

JohnnyV Zerg 

Build Orders: Pool First 

Get SALT Encoding   

  12  0:02  Drone  
  13  0:13  Overlord  
  13  0:25  Drone  
  14  0:35  Spawning Pool  
  13  0:38  Drone  
  14  0:55  Drone  
  15  0:57  Drone  
  15  1:00  Extractor  
  15  1:05  Drone  
  15  1:08  Overlord  
  16  1:22  Drone  
  17  1:35  Zergling x2, Roach Warren  
  17  1:37  Queen  
  19  1:45  Zergling x2  
  20  2:02  Drone  
  21  2:10  Metabolic Boost  
  21  2:16  Drone  
  22  2:25  Overlord  
  22  2:29  Extractor  
  21  2:33  Roach  
  22  3:01  Roach x2  
  25  3:31  Queen  
  27  3:36  Roach x3  
  33  3:51  Drone  
  34  4:03  Hatchery  
  33  4:24  Extractor  
  33  4:30  Drone x2, Overlord  
  34  4:34  Lair  
  34  5:05  Zergling x2, Roach  
  34  5:06  Overlord  
  37  5:28  Hatchery  
  36  5:39  Roach x2  
  36  5:40  Roach  
  42  5:47  Spire  
  42  5:49  Zergling x4  
  43  6:13  Zergling x4  
  43  6:14  Zergling x6  
  48  6:22  Drone  
  50  6:25  Drone  
  50  6:58  Queen  
  52  7:01  Mutalisk  
  52  7:08  Drone  
  55  7:20  Glial Reconstitution  
  55  7:25  Drone  
  56  7:35  Drone  
  56  7:36  Drone  
  58  7:53  Drone x3  
  61  7:58  Drone  
  62  8:14  Mutalisk  
  64  8:32  Zergling x4  
  66  8:40  Overlord x2  
  34  8:56  Zergling x4  
  34  8:57  Zergling x6  
Show
View Real Time Build Order
Export as new Build Order

JeX Protoss - Winner!

Build Orders:  

Get SALT Encoding   

  12  0:01  Probe  
  13  0:13  Probe  
  14  0:21  Pylon  
  14  0:25  Probe  
  15  0:39  Probe (Chrono Boost)  
  16  0:46  Gateway  
  16  0:49  Probe (Chrono Boost)  
  17  0:54  Probe (Chrono Boost)  
  18  0:58  Assimilator  
  18  1:25  Gateway  
  18  1:30  Pylon  
  18  1:31  Pylon  
  18  1:35  Zealot (Chrono Boost)  
  20  1:50  Gateway  
  20  1:54  Zealot (Chrono Boost)  
  20  1:56  Cybernetics Core  
  24  2:17  Zealot x2 (Chrono Boost)  
  24  2:18  Probe  
  27  2:38  Stalker  
  27  2:39  Zealot  
  31  2:45  Zealot  
  33  2:53  Assimilator  
  33  2:58  Warp Gate  
  33  3:06  Zealot  
  33  3:07  Stalker  
  33  3:12  Zealot  
  39  3:30  Pylon  
  39  3:32  Pylon  
  39  3:48  Probe, Sentry  
  42  4:00  Probe  
  39  4:12  Probe  
  38  4:29  Nexus  
  38  4:37  Stargate  
  38  4:39  Pylon  
  38  4:42  Robotics Facility  
  38  4:49  Stalker  
  40  4:54  Probe  
  41  5:00  Stalker  
  41  5:06  Probe (Chrono Boost)  
  44  5:15  Stalker  
  44  5:17  Probe (Chrono Boost)  
  47  5:21  Probe (Chrono Boost)  
  48  5:32  Probe, Pylon  
  48  5:34  Immortal (Chrono Boost)  
  53  5:44  Probe  
  53  5:45  Probe  
  55  5:56  Probe  
  57  5:57  Probe  
  57  6:01  Stalker  
  59  6:06  Observer  
  59  6:08  Probe  
  59  6:09  Probe  
  62  6:13  Stalker  
  64  6:22  Assimilator  
  64  6:25  Shield Battery  
  64  6:27  Shield Battery  
  64  6:28  Probe x2, Observer  
  67  6:40  Probe x2, Stalker  
  71  6:52  Probe, Pylon  
  71  6:53  Forge  
  72  6:57  Assimilator  
  72  7:02  Immortal (Chrono Boost)  
  72  7:06  Void Ray  
  76  7:20  Sentry  
  76  7:22  Zealot  
  84  7:23  Zealot  
  86  7:36  Probe x2  
  88  7:42  Warp Prism (Chrono Boost)  
  90  7:48  Probe  
  90  7:49  Stalker  
  93  7:55  Pylon  
  93  7:59  Pylon  
  93  8:04  Pylon  
  93  8:07  Twilight Council  
  93  8:15  Immortal (Chrono Boost)  
  97  8:46  Zealot x3  
  103  9:23  Stalker x3  
Tags
 
Add a new tag
Caveats
  • Supply blocks, unpowered buildings, or Contaminate may cause inaccurate times.
  • Supply counts are checked every 10 seconds.